 Dungeon Crawl Stone Soup version 0.30-a0-371-gad7725a93e (webtiles) character file.

Game seed: 17566644623953062204

12 innerfire433 the Trooper (level 2, -1/24 HPs)
             Began as a Demonspawn Monk on Nov 22, 2022.
             Succumbed to a kobold's poison
             ... on level 1 of the Dungeon.
             The game lasted 00:00:29 (256 turns).

innerfire433 the Trooper (Demonspawn Monk)           Turns: 256, Time: 00:00:30

Health: -1/24      AC:  2    Str: 11    XL:     2   Next: 20%
Magic:  2/2        EV: 15    Int: 11    God:
Gold:   0          SH:  0    Dex: 15    Spells: 1/1 levels left

rFire   . . .      SeeInvis .    a - +0 hand axe
rCold   . . .      Faith    .    (no shield)
rNeg    . . .      Spirit   .    b - +0 robe
rPois   .          Reflect  .    (no helmet)
rElec   .          Harm     .    (no cloak)
rCorr   .          Rampage  .    (no gloves)
Will    .....                    (no boots)
Stlth   ++........               (no amulet)
HPRegen 0.24/turn                (no ring)
MPRegen 0.08/turn                (no ring)

@: lethally poisoned (-1 -> -16)
A: repulsion field 1
a: no special abilities


You were on level 1 of the Dungeon.
You visited 1 branch of the dungeon, and saw 1 of its levels.

Inventory:

Hand Weapons
 a - a +0 hand axe (weapon)
Armour
 b - a +0 robe (worn)
Potions
 c - 2 potions of ambrosia


   Skills:
 + Level 3.2 Fighting
 + Level 2.9 Axes
 * Level 2.9 Dodging
 - Level 2.0 Stealth


You had one spell level left.
You didn't know any spells.
Your spell library was empty.

Dungeon Overview and Level Annotations

Branches:
Dungeon (1/15)

Altars:


Innate Abilities, Weirdness & Mutations

You are surrounded by a mild repulsion field. (EV +2)


Message History

You hit the rat.
You kill the rat!
The endoplasm barely misses you.
You hit the endoplasm.
You kill the endoplasm!
No target in view!
A kobold comes into view. It is wielding a +1 dagger of venom.
Found a glowing golden potion.
A kobold is nearby!
A kobold is nearby!
The kobold hits you with a +1 dagger of venom.
You are poisoned.
You hit the kobold.
The kobold is severely wounded.
You feel very sick. The kobold closely misses you.
The kobold hits you but does no damage.
You barely miss the kobold.
The kobold is severely wounded.
You feel sick.
The kobold hits you with a +1 dagger of venom.
You are more poisoned.
You barely miss the kobold.
The kobold is severely wounded.
You feel very sick.
The kobold hits you with a +1 dagger of venom.
You are too injured to fight recklessly!
You are too injured to fight recklessly!
You are too injured to fight recklessly!
You closely miss the kobold.
The kobold is severely wounded.
* * * LOW HITPOINT WARNING * * *
You feel very sick. The kobold hits you but does no damage.
You are more poisoned.
You hit the kobold.
You kill the kobold!
* * * LOW HITPOINT WARNING * * *
You feel very sick.
Found a faded altar of an unknown god.
You die...

#### #.#.#
#.......# ####.#.#
....##.......#
#....#.#
.....#.......#
###....#
....8.8###.####
#......# ......? .#
####.#.#####....8.8
.#
#................_
#......####.......
####......@!......
#..###.......8.
#..# ####.....# #..
#..... #.. ##...
#.. ## ..


There were no monsters in sight!

Vanquished Creatures
  An endoplasm (D:1)
  A hobgoblin (D:1)
  3 kobolds (D:1)
  2 quokkas (D:1)
  2 ball pythons (D:1)
  2 frilled lizards (D:1)
  A rat (D:1)
12 creatures vanquished.

Notes
Turn   | Place    | Note
-------+----------+-------------------------------------------
     0 | D:1      | innerfire433 the Demonspawn Monk began the quest for the
                  | Orb.
     0 | D:1      | Reached XP level 1. HP: 18/18 MP: 1/1
   175 | D:1      | Gained mutation: You are surrounded by a mild repulsion
                  | field. (EV +2) [demonic ancestry]
   175 | D:1      | Reached XP level 2. HP: 16/24 MP: 2/2
   256 | D:1      | Found a faded altar of an unknown god.
   256 | D:1      | Succumbed to a kobold's poison

Illustrated notes

Levels and vault maps discovered:
D:1:      matt_arrival_grand_opening, layout_rooms,
          ebering_ecumenical_altar_ruins, serial_park_tiny_1

Skill      XL: |  1 |
---------------+----+-----
Stealth        | 2 |  2.0
Fighting       | |  3.2
Axes           | |  2.9
Dodging        | |  2.9

Action                   || total
-------------------------++-------
Melee: Hand axe          ||    35
 Stab: Sleeping          ||     1
Armor: Robe              ||     5
Dodge: Dodged            ||    22

Table legend: (Time is in decaauts)
 A = Elapsed time spent in this place.
 B = Non-inter-level travel time spent in this place.
 C = Inter-level travel time spent in this place.
 D = Time resting spent in this place.
 E = Time spent auto-exploring this place.
 F = Levels seen in this place.
 G = Mean time per level.
                   A        B        C        D        E       F      G
               +--------+--------+--------+--------+--------+-----+--------+
         Total |    261 |    261 |      0 |      0 |    182 |   1 |  261.0 |
       Dungeon |    261 |    261 |      0 |      0 |    182 |   1 |  261.0 |
               +--------+--------+--------+--------+--------+-----+--------+

Top non-repeatable levels by time:
     D:1: 261 daAuts
